AoeStats
← Sassy Susan

Arena

509875477Analyzed
4v4 RM · 5d ago on Sep 28, 2026· 46m 52s· 8 players
Game mode
Random Map
Map size
Large (8 player)
Population
200
Speed
Normal
Resources
Standard
Victory
Conquest
Starting age
Dark Age
Ending age
Imperial Age
RankedLock teamsTeams togetherTeam positionsShared explorationLock speedFull tech treeHidden civsTurbo modeCheats
Victory
Defeat
🇹🇼 Franks · Taiwan
1514
+10
🇹🇼 Teutons · Taiwan
1498
+11
🇹🇼 Koreans · Taiwan
1309
+18
🇹🇼 Slavs · Taiwan
1172
+24
🇳🇴 Slavs · Norway
1640
-26
🇨🇱 Teutons · Chile
1407
-17
🇪🇸 Spanish · Spain
1306
-13
🇿🇦 Persians · South Africa
1128
-7
Sassy Susan
11:42 Feudal Age
15:50 Castle Age
13:44 Double-Bit Axe
13:50 Horse Collar
14:44 Loom
17:29 Bow Saw
23:12 Wheelbarrow
27:25 Hand Cart
26:58 Town Watch
27:49 Gold Mining
32:03 Imperial Age
29:42 Detinets
30:40 Scale Barding Armor
30:46 Forging
32:35 Chain Barding Armor
32:25 Heavy Plow
33:19 Conscription
32:30 Elite Boyar
34:04 Iron Casting
34:40 Capped Ram
37:01 Bloodlines
36:52 Husbandry
38:22 Blast Furnace
38:05 Stone Mining
Gandalff
4:26 Loom
10:31 Feudal Age
15:16 Castle Age
13:38 Double-Bit Axe
14:12 Horse Collar
28:14 Wheelbarrow
31:21 Imperial Age
34:52 Chemistry
34:27 Bloodlines
34:17 Husbandry
34:46 Gold Mining
35:18 Conscription
35:34 Bow Saw
36:31 Thumb Ring
36:51 Pikeman
37:31 Squires
37:46 Fletching
37:46 Halberdier
38:50 Padded Archer Armor
GreenBeret
10:42 Feudal Age
14:32 Castle Age
13:14 Double-Bit Axe
13:12 Horse Collar
23:22 Bow Saw
25:15 Wheelbarrow
24:29 Town Watch
25:38 Stone Mining
26:06 Hand Cart
26:29 Gold Mining
27:40 Town Patrol
28:26 Murder Holes
28:55 Ballistics
28:45 Scale Barding Armor
28:51 Forging
31:24 Imperial Age
28:47 Loom
30:16 Chain Barding Armor
32:13 Iron Casting
31:30 Fletching
31:41 Murder Holes
31:16 Pikeman
31:57 Squires
32:00 Scale Mail Armor
33:17 Two-Man Saw
33:11 Gold Shaft Mining
33:16 Stone Shaft Mining
33:00 Bloodlines
32:51 Husbandry
32:19 Halberdier
33:51 Elite War Elephant
34:44 Citadels
34:56 Conscription
36:15 Chemistry
37:20 Blast Furnace
36:56 Plate Barding Armor
39:18 Chain Mail Armor
41:12 Plate Mail Armor
44:18 Crossbowman
45:04 Thumb Ring
44:56 Bodkin Arrow
45:02 Padded Archer Armor
Arkhan
8:25 Feudal Age
7:48 Loom
14:22 Wheelbarrow
16:59 Double-Bit Axe
20:20 Castle Age
21:21 Bow Saw
22:17 Scale Barding Armor
23:02 Bloodlines
23:43 Hand Cart
25:37 Gold Mining
27:47 Town Watch
33:46 Horse Collar
nicebro
11:18 Feudal Age
15:52 Castle Age
13:45 Horse Collar
14:41 Double-Bit Axe
23:06 Heavy Plow
24:05 Husbandry
25:50 Bow Saw
27:29 Wheelbarrow
28:51 Hand Cart
28:22 Loom
28:23 Town Watch
28:53 Detinets
31:58 Imperial Age
29:41 Forging
29:36 Scale Barding Armor
32:25 Chain Barding Armor
32:40 Iron Casting
32:08 Elite Boyar
33:26 Conscription
32:32 Capped Ram
34:11 Crop Rotation
34:44 Two-Man Saw
34:44 Gold Mining
34:45 Stone Mining
35:44 Plate Barding Armor
36:16 Blast Furnace
36:21 Town Patrol
36:35 Scale Mail Armor
36:05 Siege Ram
42:44 Chain Mail Armor
41:52 Pikeman
42:32 Squires
42:42 Halberdier
43:56 Plate Mail Armor
47:45 Gold Shaft Mining
47:08 Fletching
NyxXX
10:38 Feudal Age
14:34 Castle Age
12:52 Double-Bit Axe
15:37 Bow Saw
20:18 Stone Mining
22:01 Gold Mining
22:51 Wheelbarrow
22:32 Town Watch
25:57 Gold Shaft Mining
25:08 Loom
26:02 Hand Cart
29:13 Imperial Age
27:06 Scale Barding Armor
27:40 Forging
28:21 Chain Barding Armor
28:44 Husbandry
29:33 Iron Casting
30:50 Conscription
31:06 Plate Barding Armor
29:53 Cavalier
32:07 Blast Furnace
31:32 Chivalry
31:39 Paladin
33:14 Ballistics
34:35 Fletching
34:27 Treadmill Crane
35:31 Bodkin Arrow
36:29 Coinage
39:39 Chemistry
39:41 Siege Engineers
39:32 Murder Holes
41:33 Elite Throwing Axeman
42:14 Scale Mail Armor
42:15 Squires
42:01 Arson
41:57 Ordonnance Companies
43:58 Chain Mail Armor
45:29 Plate Mail Armor
46:15 Fervor
46:26 Sanctity
46:35 Masonry
酒精呆呆獸
5:45 Loom
8:15 Feudal Age
9:23 Double-Bit Axe
15:07 Town Watch
16:11 Wheelbarrow
19:12 Castle Age
17:54 Stone Mining
17:59 Fletching
17:53 Horse Collar
18:45 Gold Mining
20:18 Bodkin Arrow
19:48 Crossbowman
20:41 Bow Saw
22:58 Hand Cart
24:10 Bodkin Arrow
27:02 Ballistics
34:37 Imperial Age
33:02 Gold Shaft Mining
34:53 Heavy Plow
35:20 Eupseong
35:23 Bracer
35:31 Siege Engineers
35:11 Pikeman
35:52 Squires
35:56 Scale Mail Armor
37:25 Conscription
36:31 Halberdier
38:19 Two-Man Saw
38:07 Chain Mail Armor
37:58 Arson
39:40 Plate Mail Armor
39:23 Forging
41:03 Caravan
43:32 Chemistry
42:13 Treadmill Crane
45:29 Iron Casting
45:07 Masonry
44:53 Murder Holes
45:33 Arrowslits
46:20 Architecture
46:01 Fortified Wall
47:28 Scale Barding Armor
47:34 Thumb Ring
46:51 Elite Skirmisher
kuim
10:30 Feudal Age
15:13 Castle Age
15:29 Double-Bit Axe
15:26 Horse Collar
20:51 Stone Mining
23:23 Scale Mail Armor
26:35 Heavy Plow
28:12 Wheelbarrow
27:22 Loom
27:23 Town Watch
28:38 Bow Saw
30:15 Gold Mining
31:01 Stone Shaft Mining
30:43 Hand Cart
32:59 Imperial Age
31:45 Pikeman
32:25 Squires
32:11 Gambesons
32:11 Arson
32:27 Scale Mail Armor
32:38 Forging
32:33 Scale Barding Armor
33:23 Ironclad
33:04 Onager
33:58 Siege Engineers
34:09 Halberdier
36:36 Crenellations
36:36 Conscription
37:07 Siege Onager
38:38 Chain Mail Armor
38:58 Iron Casting
38:44 Chain Barding Armor
40:40 Two-Man Saw
Connection lost

Rejoining the realm…

Still unreachable

The connection could not be restored.

Session expired

The server has moved on; the page needs a fresh start.